 Dungeon Crawl Stone Soup version 0.24.0-37-gcf1ca852f1 (webtiles) character file.

Game seed: 4811640767402850245, levelgen mode: deterministic

107923 maff75 the Severer (level 16, -7/163 HPs)
             Began as a Deep Dwarf Fighter on Dec 2, 2019.
             Was the Champion of Makhleb.
             Killed from afar by a shock serpent (20 damage)
             ... with a bolt of electricity
             ... on level 1 of the Snake Pit.
             The game lasted 01:14:12 (21610 turns).

maff75 the Severer (Deep Dwarf Fighter)            Turns: 21610, Time: 01:14:13

Health: -7/163     AC: 20    Str: 29    XL:     16   Next: 1%
Magic:  17/17      EV: 19    Int:  9    God:    Makhleb [******]
Gold:   2593       SH: 12    Dex: 12    Spells: 15/15 levels left

rFire    + + .     SeeInvis +   F - +8 mithril axe "Arga" {speed, MR+}
rCold    + + .     Gourm    .   c - +0 shield
rNeg     + . .     Faith    .   R - +2 ring mail "Gerith" {rPois rF+ rC+ Slay+2}
rPois    +         Spirit   .   t - +2 helmet {SInv}
rElec    .         Reflect  .   D - scarf {rC+ rF+}
rCorr    .         Harm     .   I - +2 pair of gloves
MR       ++++.                  V - +2 pair of boots
Stlth    +.........             (no amulet)
HPRegen  0.00/turn              y - ring of protection from magic
MPRegen  0.15/turn              G - +3 ring of evasion

@: non-regenerating
A: damage resistance, heal wounds, blurry vision 1, negative energy resistance
1, sense surroundings 2, strong 1, no regeneration
a: Heal Wounds, Minor Destruction, Lesser Servant of Makhleb, Major Destruction,
Greater Servant of Makhleb, Renounce Religion


You were on level 1 of the Snake Pit.
You worshipped Makhleb.
Makhleb was exalted by your worship.
You were not hungry.

You visited 6 branches of the dungeon, and saw 26 of its levels.
You also visited: Ice Cave.

You collected 3195 gold pieces.
You spent 602 gold pieces at shops.

Inventory:

Hand Weapons
 g - the +4 falchion of Righteous Fury {flame, rF+}
   (You found it on level 8 of the Dungeon)

   It has been specially enchanted to burn those struck by it, causing extra
   injury to most foes and up to half again as much damage against particularly
   susceptible opponents.
   Big, fiery blades are also staple armaments of hydra-hunters.
   It protects you from fire.
 h - the +3 Elemental Staff {rElec rF++ rC++ MR++ AC+5}
   (You found it on level 8 of the Dungeon)

   It affects your AC (+5).
   It greatly protects you from fire.
   It greatly protects you from cold.
   It insulates you from electricity.
   It affects your resistance to hostile enchantments.
 i - the +9 mace "Hell-Harrower" {flame, rF+ Stlth+}
   (You found it on level 4 of the Dungeon)

   It has been specially enchanted to burn those struck by it, causing extra
   injury to most foes and up to half again as much damage against particularly
   susceptible opponents.
   It protects you from fire.
   It makes you more stealthy.
 F - the +8 mithril axe "Arga" (weapon) {speed, MR+}
   (You found it on level 8 of the Dungeon)

   Attacks with this weapon are significantly faster.
   It affects your resistance to hostile enchantments.
Missiles
 o - 2 throwing nets (quivered)
 u - 58 poisoned darts
Armour
 c - a +0 shield (worn)
 t - a +2 helmet of see invisible (worn)
 D - a scarf of resistance (worn)
 I - a +2 pair of gloves (worn)
 R - the +2 ring mail "Gerith" (worn) {rPois rF+ rC+ Slay+2}
   (You found it on level 4 of the Lair of Beasts)

   It affects your accuracy and damage with ranged weapons and melee attacks
   (+2).
   It protects you from fire.
   It protects you from cold.
   It protects you from poison.
 V - a +2 pair of boots (worn)
 Z - +0 acid dragon scales
Jewellery
 a - the ring "Giudd" {-Tele rPois rN+ AC+3 Str+5}
   (You found it on level 8 of the Dungeon)

   [ring of protection]

   It affects your AC (+3).
   It affects your strength (+5).
   It protects you from poison.
   It protects you from negative energy.
   It prevents most forms of teleportation.
 j - a +4 ring of dexterity
 y - a ring of protection from magic (left hand)
 G - a +3 ring of evasion (right hand)
 W - an uncursed ring of see invisible
Wands
 q - a wand of enslavement (21)
 v - a wand of acid (7)
 C - a wand of paralysis (47)
 H - a wand of iceblast (17)
 J - a wand of flame (51)
 Q - a wand of disintegration (17)
Scrolls
 d - 2 scrolls of enchant weapon
 e - 3 scrolls of magic mapping
 k - a scroll of amnesia
 l - 9 scrolls of enchant armour
 r - 8 scrolls of teleportation
 s - 12 scrolls of remove curse
 z - 2 scrolls of fear
 N - 4 scrolls of identify
 T - 3 scrolls of blinking
Potions
 b - 4 potions of flight
 m - 3 potions of heal wounds
 n - 11 potions of curing
 p - a potion of brilliance
 w - 2 potions of ambrosia
 x - 6 potions of lignification
 A - 5 potions of haste
 B - 4 potions of mutation
 E - 6 potions of agility
 L - 3 potions of berserk rage
 P - 3 potions of might
Comestibles
 f - 29 rations


   Skills:
 * Level 15.4 Fighting
 + Level 15.5 Axes
 + Level 11.4 Armour
 + Level 11.4 Dodging
 + Level 9.2 Shields
 - Level 11.7 Invocations


You had 15 spell levels left.
You didn't know any spells.
Your spell library contained the following spells:

 Spells                   Type           Power        Failure   Level  Hunger
 Apportation              Tloc           #.....       75%         1    ##.....
 Beastly Appendage        Tmut           #.....       75%         1    ##.....
 Confusing Touch          Hex            #.....       75%         1    ##.....
 Magic Dart               Conj           #...         75%         1    ##.....
 Sting                    Conj/Pois      #...         75%         1    ##.....
 Summon Butterflies       Summ           #.......     75%         1    ##.....
 Poisonous Vapours        Pois/Air       #.....       86%         2    ###....
 Searing Ray              Conj           #.....       86%         2    ###....
 Sticks to Snakes         Tmut           #.......     86%         2    ###....
 Confuse                  Hex            #.......     98%         3    ####...
 Dazzling Spray           Conj/Hex       #.....       98%         3    ####...
 Gell's Gravitas          Tloc           #.........   98%         3    ####...
 Lesser Beckoning         Tloc           #.........   98%         3    ####...
 Mephitic Cloud           Conj/Pois/Air  #.......     98%         3    ####...
 Portal Projectile        Hex/Tloc       #.....       98%         3    ####...
 Spider Form              Tmut/Pois      #.........   98%         3    ####...
 Tukima's Dance           Hex            #.......     98%         3    ####...
 Force Lance              Conj/Tloc      #.......     100%        4    #####..
 Fulminant Prism          Conj/Hex       #.........   100%        4    #####..
 Ice Form                 Ice/Tmut       #.......     100%        4    #####..
 Iskenderun's Mystic Bla  Conj           #.......     100%        4    #####..
 Leda's Liquefaction      Hex/Erth       #.........   100%        4    #####..
 Olgreb's Toxic Radiance  Pois           #.......     100%        4    #####..
 Petrify                  Tmut/Erth      #.......     100%        4    #####..
 Alistair's Intoxication  Tmut/Pois      #.......     100%        5    ######.
 Blade Hands              Tmut           #.........   100%        5    ######.
 Bolt of Magma            Conj/Fire/Erth #.........   100%        5    ######.
 Metabolic Englaciation   Hex/Ice        #.........   100%        5    ######.
 Venom Bolt               Conj/Pois      #.........   100%        5    ######.
 Yara's Violent Unravell  Hex/Tmut       #.........   100%        5    ######.
 Bolt of Cold             Conj/Ice       #.........   100%        6    #######
 Dispersal                Tloc           #.........   100%        6    #######
 Freezing Cloud           Conj/Ice/Air   #.........   100%        6    #######
 Invisibility             Hex            #.......     100%        6    #######
 Iron Shot                Conj/Erth      #.........   100%        6    #######
 Ozocubu's Refrigeration  Ice            #.........   100%        6    #######
 Simulacrum               Ice/Necr       #.........   100%        6    #######
 Statue Form              Tmut/Erth      #........    100%        6    #######
 Controlled Blink         Tloc           N/A          100%        8    #######
 Disjunction              Tloc           #.........   100%        8    #######
 Shatter                  Erth           #.........   100%        9    #######


Dungeon Overview and Level Annotations

Branches:
Dungeon (15/15)            Temple (1/1) D:6            Lair (6/6) D:10
 Shoals (1/4) Lair:4        Snake (1/4) Lair:4        Slime (0/5) Lair:6
    Orc (2/2) D:11            Elf (0/3) Orc:2        Vaults (0/5) D:14
 Depths (0/5) D:15          IceCv (visited)

Altars:
Makhleb
Uskayaw
Vehumet
Wu Jian
Xom
Yredelemnul

Shops:
Orc:1 =   Orc:2 :*[(   Snake:1 [[

Annotations:
D:5 2 transporters, jaiteiro's ghost, novice MiWr
D:6 2 transporters
D:8 3 runed translucent doors, Taega's ghost, novice TrAr
Lair:4 exclusion: 2 oklob plants
Lair:6 exclusion: oklob plant


Innate Abilities, Weirdness & Mutations

You are resistant to damage.
You can heal yourself by infusing magical energy.
You resist negative energy. (rN+)
You passively map the area around you.
You do not regenerate.
Scrolls take you a little longer to read.
Your muscles are strong. (Str +2)


Message History

You slash the shock serpent!
The shock serpent is moderately wounded.
The shock serpent's electric aura discharges, shocking you!
The shock serpent bites you but does no damage.
You miss the shock serpent.
The shock serpent is moderately wounded.
The shock serpent bites you!
* * * LOW HITPOINT WARNING * * *
The shock serpent shocks you!
* * * LOW HITPOINT WARNING * * *
You barely miss the shock serpent.
The shock serpent is moderately wounded.
You block the shock serpent's attack.
You barely miss the shock serpent.
The shock serpent is moderately wounded.
The shock serpent shoots out a bolt of lightning at you!
The bolt of electricity hits you!!
* * * LOW HITPOINT WARNING * * *
The bolt of electricity hits you!!
You die...

.....)# , #....
......#
........#..* #...[
.....##
........#>.###....
....## ...$..,
.......... #..##
#.... ,#..###....
#..# #...
*#..#...... #..#
#.. #..#......
#..# #S#
#..#......
#..##### #@#
#.........
#......#
#.#######........#
.......#
#..)............##
########
############...##
#####


You could see a shock serpent.

Vanquished Creatures
  A frost giant (IceCv)
  An orc warlord (Orc:1)
  A stone giant (Orc:2)
  An ettin (D:15)
  Harold (Orc:1)
  4 naga warriors (Snake:1)
  An ogre mage (D:15)
  5 hydras
  2 centaur warriors (D:14)
  6 two-headed ogres
  A catoblepas (D:15)
  2 anacondas (Snake:1)
  5 death yaks
  4 tengu warriors
  3 naga sharpshooters (Snake:1)
  3 orc high priests (Orc:2)
  A shock serpent (Snake:1)
  Nergalle (Lair:4)
  3 skeletal warriors (D:15)
  An unseen horror (D:8)
  A deep elf archer (D:15)
  A naga ritualist (Snake:1)
  A necromancer (D:11)
  A wizard (D:14)
  2 mana vipers (Snake:1)
  7 orc sorcerers
  3 deep elf magi
  3 orc knights (Orc:2)
  A manticore (D:9)
  7 ugly things
  A cyclops (D:11)
  3 salamanders (Snake:1)
  2 guardian serpents (Snake:1)
  4 centaur zombies
  5 black mambas
  25 spiny frogs
  An ice statue (IceCv)
  2 gargoyles
  A naga mage (Snake:1)
  8 komodo dragons
  2 rime drakes
  3 tengu conjurers
  17 polar bears
  2 queen bees (shapeshifter)
  3 tyrant leeches (Lair:6)
  2 hornets (D:12)
  13 trolls
  23 blink frogs
  4 slime creatures
  Grinder (D:5)
  A snapping turtle (Lair:4)
  11 hippogriffs
  A centaur simulacrum (D:15)
  A shadow (D:11)
  3 vampires
  60 yaks
  A spriggan (Lair:2)
  4 basilisks
  A water elemental (D:15)
  3 wraiths
  3 wyverns
  A hungry ghost (D:11)
  3 steam dragons
  7 vampire mosquitoes
  Menkaure (D:7)
  3 acid dragons
  3 porcupines
  A warg (Orc:2)
  19 nagas
  11 water moccasins
  32 orc warriors
  3 sky beasts
  5 ice beasts
  2 phantoms
  3 eyes of draining
  2 black bears (Lair:2)
  5 boggarts (D:15)
  30 wolves
  12 centaurs
  5 ogres
  15 crocodiles
  32 bullfrogs
  A big kobold (D:7)
  A gnoll sergeant (D:9)
  3 scorpions
  8 wights
  A killer bee (D:8)
  11 electric eels
  A howler monkey (D:10)
  9 crimson imps
  2 quasits
  2 bullfrog zombies
  5 centaur skeletons
  6 jellies
  7 orc priests
  Crazy Yiuf (D:7)
  5 bullfrog skeletons
  16 hounds
  18 orc wizards
  An iguana (D:7)
  7 worker ants
  3 yak simulacra (D:11)
  A polar bear simulacrum (D:11)
  5 wolf simulacra (D:11)
  2 hound skeletons
  A worker ant zombie (D:11)
  7 gnolls
  11 adders
  6 shadow imps
  12 white imps
  An ooze (D:4)
  2 worms (D:5)
  3 dart slugs
  5 leopard geckos
  61 orcs
  A ball python (D:1)
  5 giant cockroaches
  10 jackals
  A quokka (D:9)
  4 bats
  3 frilled lizards
  6 goblins
  A jackal skeleton (D:8)
  A jackal zombie (D:6)
  15 kobolds
  3 quokka skeletons
  4 rats
  2 river rat simulacra (D:11)
  5 fungi
  2 plants
768 creatures vanquished.

Vanquished Creatures (collateral kills)
  A centaur skeleton (D:14)
  4 centaurs (D:14)
5 creatures vanquished.

Vanquished Creatures (others)
  2 orcs (D:11)
  14 fungi
  40 plants
56 creatures vanquished.

Grand Total: 829 creatures vanquished

Notes
Turn   | Place    | Note
-------+----------+-------------------------------------------
     0 | D:1      | maff75 the Deep Dwarf Fighter began the quest for the Orb.
     0 | D:1      | Reached XP level 1. HP: 20/20 MP: 1/1
   321 | D:1      | Reached XP level 2. HP: 24/27 MP: 2/2
  1397 | D:3      | Reached XP level 3. HP: 26/33 MP: 3/3
  1464 | D:3      | Found a faded altar of an unknown god.
  1964 | D:3      | Gained mutation: Your magical capacity is low. (-10% MP)
                  | [potion of mutation]
  1964 | D:3      | Gained mutation: You possess an exceptional clarity of
                  | mind. [potion of mutation]
  1964 | D:3      | Lost mutation: You possess an exceptional clarity of mind.
                  | [potion of mutation]
  1964 | D:3      | Gained mutation: You are partially covered in iridescent
                  | scales. (AC +2) [potion of mutation]
  2016 | D:4      | Reached skill level 5 in Axes
  2016 | D:4      | Reached XP level 4. HP: 38/40 MP: 3/3
  2024 | D:4      | Noticed an ogre
  2039 | D:4      | Killed an ogre
  2039 | D:4      | Reached XP level 5. HP: 44/46 MP: 4/4
  2238 | D:4      | Reached XP level 6. HP: 29/55 MP: 5/5
  2287 | D:4      | Got a pitted mace
  2299 | D:4      | Identified the +9 mace "Hell-Harrower" {flame, rF+ Stlth+}
                  | (You found it on level 4 of the Dungeon)
  2330 | D:4      | Noticed an ice beast
  2334 | D:4      | Killed an ice beast
  2408 | D:4      | You fall into a shaft and drop 3 floors!
  2446 | D:7      | Noticed a troll
  2479 | D:7      | Reached XP level 7. HP: 46/62 MP: 5/5
  2493 | D:7      | Killed a troll
  2677 | D:7      | Noticed Menkaure
  2888 | D:7      | Reached XP level 8. HP: 19/72 MP: 6/6
  2997 | D:5      | Entered Level 5 of the Dungeon
  3048 | D:5      | Noticed Grinder
  3069 | D:5      | Killed Grinder
  3069 | D:5      | Reached skill level 5 in Armour
  3069 | D:5      | Reached skill level 5 in Shields
  3093 | D:5      | You fall into a shaft and drop 2 floors!
  3403 | D:7      | Found a runed translucent door.
  3404 | D:7      | Noticed Crazy Yiuf
  3411 | D:7      | Killed Crazy Yiuf
  3600 | D:8      | Found a runed translucent gate.
  3608 | D:8      | Found a runed translucent gate.
  3609 | D:8      | Found a runed translucent gate.
  3609 | D:8      | Noticed a nine-headed hydra
  3609 | D:8      | Noticed Taega's ghost (novice TrAr)
  3671 | D:8      | Found a hide-covered altar of Uskayaw.
  3808 | D:8      | Gained mutation: You passively map the area around you.
                  | [Deep Dwarf growth]
  3808 | D:8      | Reached XP level 9. HP: 46/80 MP: 7/7
  3825 | D:8      | Killed an unseen horror
  3825 | D:8      | Reached skill level 5 in Fighting
  3825 | D:8      | Reached skill level 10 in Axes
  3846 | D:8      | Noticed a gargoyle
  3917 | D:8      | Killed a gargoyle
  4026 | D:8      | Found the +3 Elemental Staff {rElec rF++ rC++ MR++ AC+5}
  4055 | D:8      | Lost mutation: You are partially covered in iridescent
                  | scales. (AC +2) [potion of mutation]
  4055 | D:8      | Lost mutation: Your magical capacity is low. (-10% MP)
                  | [potion of mutation]
  4055 | D:8      | Gained mutation: Scrolls take you a little longer to read.
                  | [potion of mutation]
  4055 | D:8      | Gained mutation: Your muscles are strong. (Str +2) [potion
                  | of mutation]
  4091 | D:8      | Found the +8 mithril axe "Arga" {speed, MR+}
  4113 | D:8      | Got an encrusted trident
  4116 | D:8      | Identified the +4 trident "Grim" {pierce, Dex+4} (You found
                  | it on level 8 of the Dungeon)
  4266 | D:8      | Got an ancient golden ring
  4269 | D:8      | Got a smoking falchion
  4272 | D:8      | Identified the +4 falchion of Righteous Fury {flame, rF+}
                  | (You found it on level 8 of the Dungeon)
  4274 | D:8      | Identified the ring "Giudd" {-Tele rPois rN+ AC+3 Str+5}
                  | (You found it on level 8 of the Dungeon)
  4285 | D:8      | Got a distressingly furry ring mail
  4288 | D:8      | Identified the cursed +1 ring mail of Dishonour {rPois
                  | Int+6 Dex-2} (You found it on level 8 of the Dungeon)
  4415 | D:8      | Noticed a two-headed ogre
  4423 | D:8      | Killed a two-headed ogre
  4423 | D:8      | Reached XP level 10. HP: 65/91 MP: 9/9
  4479 | D:7      | Killed Menkaure
  4559 | D:6      | Found a transporter.
  4768 | D:6      | Found a transporter.
  4929 | D:6      | Found a staircase to the Ecumenical Temple.
  4944 | Temple   | Entered the Ecumenical Temple
  4950 | Temple   | Became a worshipper of Makhleb the Destroyer
  5449 | D:5      | Noticed jaiteiro's ghost (novice MiWr)
  5450 | D:5      | Found a transporter.
  5454 | D:5      | Found a transporter.
  5635 | D:5      | Reached * piety under Makhleb
  5704 | D:5      | Found a radiant altar of Vehumet.
  6351 | D:9      | Reached skill level 1 in Invocations
  6445 | D:9      | Noticed a manticore
  6454 | D:9      | Killed a manticore
  6493 | D:9      | Noticed a two-headed ogre
  6505 | D:9      | Killed a two-headed ogre
  6505 | D:9      | Reached skill level 5 in Invocations
  6568 | D:9      | Noticed a tengu warrior
  6587 | D:9      | Killed a tengu warrior
  6587 | D:9      | Reached XP level 11. HP: 53/100 MP: 2/15
  6803 | D:9      | Reached ** piety under Makhleb
  7748 | D:10     | Entered Level 10 of the Dungeon
  7933 | D:10     | Found a staircase to the Lair.
  8546 | Lair:1   | Entered Level 1 of the Lair of Beasts
  8567 | Lair:1   | Got an ichor-stained hunting sling
  8778 | Lair:1   | Reached skill level 10 in Invocations
  8794 | Lair:1   | Noticed a six-headed hydra
  8810 | Lair:1   | Killed a six-headed hydra
  9002 | Lair:1   | Noticed a five-headed hydra
  9014 | Lair:1   | Killed a five-headed hydra
  9014 | Lair:1   | Reached skill level 10 in Armour
  9438 | Lair:2   | You fall into a shaft and drop 2 floors!
  9470 | Lair:4   | Found a frozen archway.
  9483 | Lair:3   | Reached *** piety under Makhleb
  9531 | IceCv    | Entered an ice cave
  9712 | IceCv    | Reached XP level 12. HP: 59/112 MP: 13/13
  9780 | IceCv    | Reached skill level 1 in Dodging
  9838 | IceCv    | Noticed a death yak
  9848 | IceCv    | Killed a death yak
  9929 | IceCv    | Reached **** piety under Makhleb
 10059 | IceCv    | Noticed a death yak
 10077 | IceCv    | Killed a death yak
 10077 | IceCv    | Reached skill level 10 in Fighting
 10168 | IceCv    | Noticed a frost giant
 10184 | IceCv    | Killed a frost giant
 10184 | IceCv    | Reached skill level 5 in Dodging
 10701 | Lair:4   | Found a staircase to the Snake Pit.
 10725 | Lair:4   | Got a dazzling ring mail
 10867 | Lair:2   | Reached XP level 13. HP: 114/126 MP: 14/14
 10875 | Lair:2   | Reached ***** piety under Makhleb
 10904 | Lair:2   | You fall into a shaft and drop 2 floors!
 10926 | Lair:4   | Noticed Nergalle
 10939 | Lair:4   | Killed Nergalle
 12253 | Lair:4   | Found a staircase to the Shoals.
 13550 | Lair:5   | Identified the +2 ring mail "Gerith" {rPois rF+ rC+ Slay+2}
                  | (You found it on level 4 of the Lair of Beasts)
 13591 | Lair:6   | Entered Level 6 of the Lair of Beasts
 13701 | Lair:6   | Gained mutation: You resist negative energy. (rN+) [Deep
                  | Dwarf growth]
 13701 | Lair:6   | Reached XP level 14. HP: 131/139 MP: 15/15
 13975 | Lair:6   | Reached ****** piety under Makhleb
 14578 | Lair:6   | Found a staircase to the Slime Pits.
 15090 | D:11     | Found a staircase to the Orcish Mines.
 15129 | Orc:1    | Entered Level 1 of the Orcish Mines
 15176 | Orc:1    | Found Wyum's Jewellery Boutique.
 15334 | Orc:2    | Entered Level 2 of the Orcish Mines
 15381 | Orc:2    | Noticed an orc warlord
 15421 | Orc:1    | Killed an orc warlord
 15510 | Orc:2    | Found Catwaex's Antique Armour Boutique.
 15540 | Orc:2    | Found Dilliaxt's Antique Weapon Shoppe.
 15618 | Orc:2    | Found Takis's General Store.
 15675 | Orc:2    | Bought a potion of agility for 68 gold pieces
 15675 | Orc:2    | Bought a scroll of enchant armour for 127 gold pieces
 15675 | Orc:2    | Bought a scroll of teleportation for 51 gold pieces
 15675 | Orc:2    | Bought a scroll of identify for 34 gold pieces
 15684 | Orc:2    | Found a staircase to the Elven Halls.
 15751 | Orc:2    | Noticed a stone giant
 15768 | Orc:2    | Killed a stone giant
 15771 | Orc:2    | Found Maenocui's Book Shop.
 16145 | Orc:1    | Noticed Harold
 16162 | Orc:1    | Killed Harold
 16170 | Orc:1    | Reached skill level 10 in Dodging
 17780 | D:12     | Reached XP level 15. HP: 152/152 MP: 16/16
 18806 | D:14     | Reached skill level 15 in Axes
 19167 | D:14     | Found a gate to the Vaults.
 19542 | D:15     | Entered Level 15 of the Dungeon
 19745 | D:15     | Found a staircase to the Depths.
 19926 | D:15     | Reached skill level 15 in Fighting
 20880 | Shoals:1 | Entered Level 1 of the Shoals
 20932 | Snake:1  | Entered Level 1 of the Snake Pit
 21393 | Snake:1  | Found Jalyepp's Armour Boutique.
 21397 | Snake:1  | Found Joegutal's Armour Shop.
 21412 | Snake:1  | Reached XP level 16. HP: 75/163 MP: 17/17
 21421 | Snake:1  | Bought a +2 helmet of see invisible for 322 gold pieces
 21610 | Snake:1  | Killed from afar by a shock serpent

Levels and vault maps discovered:
D:1:      minmay_arrival_checkered_box, layout_basic, st_stairs_4,
          kennysheep_minor_cross, due_unseen_surprise
D:2:      layout_loops_cross
D:3:      layout_basic, chequers_ecumenical_altar_twisty
D:4:      layout_gridville, minmay_misc_feat_hallway, xom_redecorated,
          uniq_robin
D:5:      layout_loops_ring, vehumet_altar_wand_db, gammafunk_ghost_hive,
          first_ration, uniq_grinder
D:6:      gammafunk_steamed_eel, layout_cave_pods, minmay_temple_entry_trees,
          enter_ossuary_3, kennysheep_generic_room_4
D:7:      layout_basic, uniq_crazy_yiuf_cottage, uniq_menkaure
D:8:      minmay_the_grid_plus [minmay_the_grid_tree,
          minmay_the_grid_small_cups, minmay_the_grid_all_tris,
          minmay_the_grid_large_cup, minmay_the_grid_prize_trominoes],
          layout_basic, basic_altar, gammafunk_ghost_hydra_chop, grunt_ogre_cave
D:9:      hangedman_cross_veins, layout_loops_ring, nicolae_lava_and_water
D:10:     layout_loops_cross, erik_lair_island, dk_noncrumbling_4
D:11:     layout_long_grid, erik_orc_2, eino_house_with_fridge
D:12:     layout_grid_maze
D:13:     layout_roguey
D:14:     layout_long_grid, david_vaults_1, ebering_dispersal_statue_hall
D:15:     hangedman_depths_entry_civil_slaughter, layout_loops_corners,
          serial_bayou_lagoon_a, minmay_unpleasant_kobolds
Temple:   nicolae_temple_the_god_donut
Lair:1:   layout_regular_city, serial_bayou, serial_bayou_lake_a,
          serial_bayou_shore_b, serial_bayou_ford_a, serial_bayou_pond_b,
          serial_bayou_pond_a, serial_bayou_pond_c
Lair:2:   layout_regular_city, forest_entry_grove
Lair:3:   layout_misc_corridors, chequers_serial_rivers_room_a
Lair:4:   layout_roguey, minmay_shoals_entry_hut, guppyfry_snake_entry_island,
          portal_ice_cave_entry_imps, minmay_lair_oklob_chamber, uniq_nergalle
Lair:5:   layout_small_grid, grunt_megastairs_4
Lair:6:   minmay_lair_end_frog_pond, layout_regular_city,
          dpeg_slime_entry_corner
Shoals:1: layout_shoals
Snake:1:  layout_gridlike, minmay_shoptagon
Orc:1:    layout_caves, serial_shops, shop, uniq_harold
Orc:2:    grunt_orc_gardens, layout_diamond_mine, grunt_orc_garden,
          grunt_orc_garden, grunt_orc_garden, grunt_orc_garden

Skill      XL: |  1  2  3  4  5  6  7  8  9 10 11 12 13 14 15 |
---------------+----------------------------------------------+-----
Axes           | 3 5 6 7 8 9 11 12 13 14 15 | 15.5
Fighting       | 3 4 6 7 8 10 12 14 15 | 15.4
Armour         | 4 5 7 8 10 11 | 11.4
Shields        | 4 5 7 9 |  9.2
Invocations    | 7 11 | 11.7
Dodging        | 5 8 10 11 | 11.4

Action                   |  1- 3 |  4- 6 |  7- 9 | 10-12 | 13-15 | 16-18 || total
-------------------------+-------+-------+-------+-------+-------+-------++-------
Melee: War axe           |   139 |    46 |       |       |       |       ||   185
       Mace              |       |    14 |   221 |    17 |    20 |       ||   272
       Broad axe         |       |       |    10 |   676 |  1362 |    13 ||  2061
       Staff             |       |       |       |   120 |       |       ||   120
Throw: Dart              |       |       |       |     3 |       |       ||     3
       Throwing net      |       |       |       |     2 |       |       ||     2
 Abil: Heal Wounds       |       |     2 |     6 |    15 |     2 |       ||    25
  Use: Potion            |     8 |     3 |     6 |     8 |     3 |       ||    28
       Scroll            |     8 |       |     7 |     7 |    11 |     1 ||    34
 Stab: Distracted        |       |       |     1 |       |       |       ||     1
       Invisible         |       |       |       |     1 |       |       ||     1
       Held in net/web   |       |       |       |     1 |       |       ||     1
  Eat: Chunk             |     3 |     2 |     6 |    10 |    17 |       ||    38
       Ration            |       |       |       |     4 |     5 |       ||     9
Armor: Scale mail        |    49 |       |       |       |       |       ||    49
       Chain mail        |    11 |    28 |    93 |   261 |    17 |       ||   410
       Plate armour      |       |       |       |       |    50 |       ||    50
       Ring mail         |       |       |       |       |   181 |     1 ||   182
Dodge: Dodged            |    40 |    14 |    35 |   261 |   568 |     3 ||   921
Block: Shield            |    79 |    27 |   112 |   408 |   577 |     6 ||  1209
